 Dungeon Crawl Stone Soup version 0.32-a0-656-g3542139ebd (webtiles) character file.

Game seed: 15980012696442243748

155 ytrimaz the Ruffian (level 5, 0/35 HPs)
             Began as an Octopode Shapeshifter on Mar 8, 2024.
             Slain by an orc
             ... wielding a +0 trident
              (6 damage)
             ... on level 4 of the Dungeon.
             The game lasted 00:02:18 (2212 turns).

ytrimaz the Ruffian (Octopode Shapeshifter)         Turns: 2212, Time: 00:02:18

Health: 0/35       AC:  1    Str: 14    XL:     5   Next: 37%
Magic:  5/5        EV: 13    Int: 14    God:
Gold:   128        SH:  0    Dex: 11    Spells: 2/4 levels left

rFire   . .          .
                       - Unarmed
rCold   . . .        (no shield)
rNeg    . . .        (helmet currently unavailable)
rPois   .            f - amulet of magic regeneration
rElec   .            (no ring)
rCorr   .            (no ring)
SInv    .            (no ring)
Will    .....        (no ring)
Stlth   ++           (no ring)
HPRegen 0.25/turn    (no ring)
MPRegen 0.49/turn    (no ring)
                     (no ring)

%: no passive effects
@: mighty, beast-form
A: beast (slay +1), almost no armour, amphibious, 8 rings, camouflage 1,
gelatinous body 1, (nimble swimmer 1), tentacles
a: Begin Untransformation


You were on level 4 of the Dungeon.
You were a hulking beast.
You visited 1 branch of the dungeon, and saw 4 of its levels.

You collected 128 gold pieces.


Innate Abilities, Weirdness & Mutations

You are a hulking beast.
Your limbs bulge with bestial killing power. (Slay +1)
You cannot wear most types of armour.
You are amphibious.
You can wear up to eight rings at the same time.
Your skin changes colour to match your surroundings (Stealth+).
Your rubbery body absorbs attacks. (AC +1, EV +1)
((You are camouflaged when in or above water. (Stealth+)))
You have tentacles for arms and can constrict up to eight enemies at once.


   Skills:
 + Level 2.6 Fighting
 + Level 3.3 Dodging
 + Level 4.0 Unarmed Combat
 + Level 1.5 Translocations
 - Level 3.0 Shapeshifting


You had 2 spell levels left.
You knew the following spells:

 Your Spells              Type           Power      Damage    Failure   Level
a - Lesser Beckoning      Tloc           8%         N/A       22%         2

Your spell library contained the following spells:

 Spells                   Type           Power      Damage    Failure   Level
 Blink                    Tloc           8%         N/A       22%         2
 Momentum Strike          Conj/Tloc      4%         3d8       32%         2
 Sculpt Simulacrum        Ice/Alch       0%         N/A       100%        6
 Ozocubu's Refrigeration  Ice            0%         4d7       100%        7
 Polar Vortex             Ice            0%         N/A       100%        9

Inventory:

Jewellery
 f - an amulet of magic regeneration (around mantle)
   (You found it on level 2 of the Dungeon)
Talismans
 b - a beast talisman (active)
 c - a flux talisman
Potions
 a - a potion of lignification
 e - a potion of mutation {unknown}
 i - a potion of attraction {unknown}
 j - a potion of enlightenment {unknown}
 m - 2 potions of curing {unknown}

Dungeon Overview and Level Annotations

Branches:
Dungeon (4/15) Zot: 21794
 Temple: D:4-7

Altars:

Shops:
D:1 ?

Annotations:
D:3 1 runed translucent door, Crazy Yiuf

. ## #.# ###
... #.. #.# #o#
#.# #)#
######.# ##h#
#...##.#
#.)#####...##.#
#:)..)...<....#
########...####
#...# #...#
#####


You could see an orc.


Message History

Your mp is fully restored (5).
An orc comes into view. It is wielding a +0 dagger.
The orc wizard casts a spell.
The orc wizard flickers and vanishes!
Deactivating autopickup; reactivate with Ctrl-A.
Things that are here:
a +0 dagger; a +0 robe; an orc corpse; 😮 HP[+1]
You closely miss the orc. You grab the orc. You constrict the orc.
The orc hits you with a +0 dagger.
* * * LOW HITPOINT WARNING * * *
😨 HP[-2]
You take 2 damage, and now have 17/35 hp.
You tentacle-slap the orc. You constrict the orc.
You kill the orc!
An orc comes into view. It is wielding a +0 trident.
Unknown command.
You barely miss something. Something hits you.
* * * LOW HITPOINT WARNING * * *
You are poisoned. 😨 HP[-4]
You take 4 damage, and now have 13/35 hp.
Your transformation has ended.
You turn into a tree.
Your roots penetrate the ground.
You feel sick. The orc hits you but does no damage.
You hear some strange, mumbled words.
Something tries to affect you, but you resist. 😨 HP[+4]
You now have 52 max hp (+17).
You regained 4 hp, and now have 17/52 hp.
Unknown command.
You cannot move.
Unknown command.
You cannot move.
You cannot move.
You miss something.
You feel sick. The orc hits you but does no damage.
Something hits you but does no damage. 😨 HP[-2]
You take 2 damage, and now have 15/52 hp.
You barely miss something.
You feel sick. The orc hits you but does no damage.
Something hits you but does no damage.
You smack something!
You feel sick. The orc hits you but does no damage.
Something hits you but does no damage. 😨 HP[-1]
You take 1 damage, and now have 14/52 hp.
You smack something!
Reactivating autopickup.
You feel a bit more experienced. The orc hits you but does no damage.
Your Unarmed Combat skill increases to level 4!
You swing at nothing.
You feel sick.
The orc hits you but does no damage. 😱 HP[-1]
You take 1 damage, and now have 13/52 hp.
You swing at nothing.
You feel sick. The orc hits you but does no damage.
You swing at nothing.
You feel sick.
You are no longer poisoned.
The orc hits you but does no damage. 😱 HP[-1]
You take 1 damage, and now have 12/52 hp.
It was a potion of might.
You feel very mighty all of a sudden. The orc hits you but does no damage.
Unknown command.
Unknown command.
The orc hits you but does no damage.
The orc hits you but does no damage. 😱 HP[+1]
The orc hits you but does no damage. The orc hits you but does no damage.
The orc hits you but does no damage. 😨 HP[+1]
The orc barely misses you.
The orc hits you from afar with a +0 trident.
* * * LOW HITPOINT WARNING * * *
😱 HP[-1]
You take 1 damage, and now have 13/52 hp.
The orc hits you but does no damage.
The orc hits you but does no damage. 😨 HP[+1]
The orc hits you but does no damage.
Your transformation is almost over.
The orc hits you but does no damage.
The orc hits you from afar with a +0 trident.
* * * LOW HITPOINT WARNING * * *
The orc hits you but does no damage.
Unknown command.
The orc barely misses you. The orc hits you but does no damage.
Unknown command.
The orc barely misses you. 😨 HP[+1]
The orc hits you but does no damage.
Unknown command.
The orc hits you but does no damage.
The orc hits you from afar with a +0 trident.
* * * LOW HITPOINT WARNING * * *
😱 HP[-5]
You take 5 damage, and now have 10/52 hp.
You feel less wooden.
You turn into a hulking beast.
The orc hits you from afar with a +0 trident.
You die...

Skill      XL: |  1  2  3  4  5 |
---------------+----------------+-----
Fighting       | 2 |  2.6
Dodging        | 3 |  3.3
Translocations | 1 |  1.5
Unarmed Combat | 4 |  4.0
Shapeshifting  | |  3.0

Action                     |  1- 3 |  4- 6 || total
---------------------------+-------+-------++-------
  Melee: Unarmed           |    61 |    34 ||    95
         Constrict         |    15 |    10 ||    25
         Tentacles         |    10 |     1 ||    11
         Punch             |     3 |     3 ||     6
    Use: Scroll            |     1 |     4 ||     5
         Potion            |       |     2 ||     2
   Stab: Sleeping          |     7 |     1 ||     8
         Distracted        |       |     2 ||     2
 Armour: Skin              |    30 |    41 ||    71
  Dodge: Dodged            |    33 |    20 ||    53

Levels and vault maps discovered:
D:1:      ldierk_walled_garden, layout_loops_corners, serial_shops, shop
D:2:      layout_basic
D:3:      layout_loops_ring, minmay_vboxes, uniq_crazy_yiuf_cottage
D:4:      layout_rooms, dk_noncrumbling_2, minmay_misc_feat_more_columns,
          chequers_serial_rivers_micro_b, uniq_natasha

Notes
Turn   | Place    | Note
-------+----------+-------------------------------------------
     0 | D:1      | ytrimaz the Octopode Shapeshifter began the quest for the
                  | Orb.
     0 | D:1      | Reached XP level 1. HP: 13/13 MP: 1/1
     0 | D:1      | magus.rc [v1.9.6]
   456 | D:1      | Found Witiskid's Magic Scroll Boutique.
   547 | D:1      | You pick up a book of Spatial Translocations and begin
                  | reading...
   547 | D:1      | You add the spells Blink, Momentum Strike and Lesser
                  | Beckoning to your library.
   603 | D:1      | Reached XP level 2. HP: 18/18 MP: 2/2
   827 | D:2      | Reached XP level 3. HP: 14/24 MP: 3/3
  1079 | D:2      | Reached skill level 2 in Fighting
  1342 | D:2      | Learned a level 2 spell: Lesser Beckoning
  1518 | D:3      | Reached XP level 4. HP: 29/29 MP: 4/4
  1526 | D:3      | Identified the +5 hand axe of Ravage {freeze, rPois Int+3}
  1568 | D:3      | You pick up a book of Ice and begin reading...
  1568 | D:3      | You add the spells Sculpt Simulacrum, Ozocubu's
                  | Refrigeration and Polar Vortex to your library.
  1862 | D:3      | Found a runed translucent door.
  1863 | D:3      | Noticed Crazy Yiuf
  2171 | D:4      | Reached skill level 3 in Dodging
  2171 | D:4      | Reached skill level 1 in Translocations
  2179 | D:4      | Reached XP level 5. HP: 18/35 MP: 5/5
  2189 | D:4      | Reached skill level 4 in Unarmed Combat
  2189 | D:4      | HP: 13/52 [poisoned by an orc wizard]
  2199 | D:4      | HP: 13/52 [orc/+0 trident (1)]
  2211 | D:4      | HP: 10/52 [orc/+0 trident (6)]
  2212 | D:4      | Slain by an orc

Vanquished Creatures
  An orc priest (D:4)
  2 orc wizards (D:4)
  2 adders
  A dart slug (D:2)
  6 orcs
  A ball python (D:1)
  4 endoplasms
  4 hobgoblins
  3 jackals (D:3)
  4 quokkas
  4 bats (D:2)
  6 frilled lizards
  5 goblins
  5 kobolds
  4 rats
52 creatures vanquished.

Table legend:
 A = Non-vault XP
 B = Vault XP
 C = Vault XP percentage of total XP
 D = Non-vault monster count
 E = Vault monster count
 F = Vault count percentage of total count
                 A         B        C        D         E       F
            +---------+---------+-------+---------+---------+-------
      Total |     216 |       6 |   2.7 |      49 |       3 |   5.8
            +---------+---------+-------+---------+---------+-------
        D:1 |      14 |       0 |   0.0 |       9 |       0 |   0.0
        D:2 |      38 |       0 |   0.0 |      17 |       0 |   0.0
        D:3 |      36 |       6 |  14.3 |      14 |       3 |  17.6
        D:4 |     128 |       0 |   0.0 |       9 |       0 |   0.0
            +---------+---------+-------+---------+---------+-------

Skill      XL: |  1  2  3  4  5 |
---------------+----------------+-----
Fighting       | 2 |  2.6
Dodging        | 3 |  3.3
Translocations | 1 |  1.5
Unarmed Combat | 4 |  4.0
Shapeshifting  | |  3.0

Action                     |  1- 3 |  4- 6 || total
---------------------------+-------+-------++-------
  Melee: Unarmed           |    61 |    34 ||    95
         Constrict         |    15 |    10 ||    25
         Tentacles         |    10 |     1 ||    11
         Punch             |     3 |     3 ||     6
    Use: Scroll            |     1 |     4 ||     5
         Potion            |       |     2 ||     2
   Stab: Sleeping          |     7 |     1 ||     8
         Distracted        |       |     2 ||     2
 Armour: Skin              |    30 |    41 ||    71
  Dodge: Dodged            |    33 |    20 ||    53

Illustrated notes

Table legend:
 A = Kills in this place as a percentage of kills in the entire game.
 B = Kills by you in this place as a percentage of kills by you in the entire game.
 C = Kills by friends in this place as a percentage of kills by friends in the entire game.
 D = Other kills in this place as a percentage of other kills in the entire game.
 E = Experience gained in this place as a percentage of experience gained in the entire game.
 F = Experience gained in this place divided by the number of levels of this place that you have seen.
                   A       B       C       D       E      F
               +-------+-------+-------+-------+-------+----------------------
         Total | 100.0 | 100.0 |   N/A |   N/A | 100.0 |  55.5
       Dungeon | 100.0 | 100.0 |   N/A |   N/A | 100.0 |  55.5
               +-------+-------+-------+-------+-------+----------------------

Table legend: (Time is in decaauts)
 A = Elapsed time spent in this place.
 B = Non-inter-level travel time spent in this place.
 C = Inter-level travel time spent in this place.
 D = Time resting spent in this place.
 E = Time spent auto-exploring this place.
 F = Levels seen in this place.
 G = Mean time per level.
                   A        B        C        D        E       F      G
               +--------+--------+--------+--------+--------+-----+--------+
         Total |   2204 |   2110 |     94 |      0 |   1783 |   4 |  551.0 |
       Dungeon |   2204 |   2110 |     94 |      0 |   1783 |   4 |  551.0 |
               +--------+--------+--------+--------+--------+-----+--------+

Top non-repeatable levels by time:
     D:1: 791 daAuts
     D:3: 767 daAuts
     D:2: 573 daAuts
     D:4: 72 daAuts
